 Dungeon Crawl Stone Soup version 0.29-a0-477-g62b78b4225 (webtiles) character file.

Game seed: 18104923840394107531

10390 dabmancer the Thaumaturge (level 11, -3/47 HPs)
             Began as a Spriggan Hedge Wizard on May 24, 2022.
             Was a Believer of Sif Muna.
             Asphyxiated
             ... on level 9 of the Dungeon on May 25, 2022.
             The game lasted 01:49:45 (24490 turns).

dabmancer the Thaumaturge (Spriggan Hedge Wizard)  Turns: 24490, Time: 01:49:45

Health: -3/47      AC:  4    Str:  6    XL:     11   Next: 35%
Magic:  29/30      EV: 19    Int: 20    God:    Sif Muna [**....]
Gold:   601        SH:  5    Dex: 15    Spells: 22/38 levels left

rFire   . . .      SeeInvis +   s - +2 dagger (venom)
rCold   + . .      Faith    .   (no shield)
rNeg    + . .      Spirit   .   K - +1 robe {Will+}
rPois   .          Reflect  +   c - +1 hat
rElec   .          Harm     .   (no cloak)
rCorr   .          Rampage  .   (gloves unavailable)
Will    ++...                   (boots unavailable)
Stlth   +++.......              f - amulet of reflection
HPRegen 0.15/turn               j - ring of positive energy
MPRegen 0.22/turn               P - ring of protection from cold

@: lethally poisoned (-3 -> -22), slowed, quick
A: very small, no large weapons, unfitting armour, see invisible, speed 3
a: Renounce Religion, Channel Magic


You were on level 9 of the Dungeon.
You worshipped Sif Muna.
Sif Muna was pleased with you.
You visited 2 branches of the dungeon, and saw 10 of its levels.

You collected 601 gold pieces.

Inventory:

Hand Weapons
 a - a +4 mace
 e - a +1 demon whip of venom
 s - a +2 dagger of venom (weapon)
 y - a +3 flail of protection
 M - a +0 dagger of chaos
 Q - a +0 hand crossbow
Missiles
 h - 278 stones
 v - 21 poisoned darts
Armour
 c - a +1 hat (worn)
 m - the +1 robe of Dovowoc {rF+++ MP-9 Dex+7}
   (You found it on level 2 of the Dungeon)

   Dex:       It affects your dexterity (+7).
   rF:        It renders you almost immune to fire.
   MP:        It affects your magic capacity (-9).
 H - a +0 troll leather armour
 K - a +1 robe of willpower (worn)
 U - a +0 robe of fire resistance
Jewellery
 f - an amulet of reflection (around neck)
 j - a ring of positive energy (left hand)
 C - a ring of fire
 P - a ring of protection from cold (right hand)
Wands
 F - a wand of polymorph (10)
 N - a wand of digging (5)
 R - a wand of iceblast (9)
Scrolls
 g - a scroll of blinking {unknown}
 i - 3 scrolls of brand weapon
 k - 2 scrolls of amnesia {unknown}
 p - a scroll of magic mapping {unknown}
 q - 2 scrolls of teleportation {unknown}
 r - 2 scrolls of fear {unknown}
 B - a scroll of fog {unknown}
 D - 3 scrolls of immolation
 E - a scroll of torment {unknown}
 I - a scroll of vulnerability {unknown}
 J - a scroll of noise {unknown}
 L - a scroll of summoning
Potions
 b - a potion of haste {unknown}
 d - 4 potions of magic
 l - 3 potions of heal wounds
 n - 3 potions of brilliance
 o - 5 potions of might
 t - a potion of degeneration {unknown}
 u - a potion of cancellation {unknown}
 w - 2 potions of attraction {unknown}
 x - 3 potions of ambrosia
 z - a potion of mutation {unknown}
 A - 5 potions of curing
 G - a potion of experience {unknown}
 O - a potion of flight {unknown}
 S - a potion of invisibility {unknown}


   Skills:
 + Level 6.6 Throwing
 + Level 5.1 Dodging
 + Level 5.0 Stealth
 + Level 1.5 Shields
 + Level 14.2 Spellcasting
 + Level 7.2 Conjurations
 + Level 3.6 Summonings
 + Level 3.4 Translocations
 + Level 0.6 Fire Magic
 + Level 0.7 Air Magic
 + Level 1.4 Poison Magic
 + Level 1.0 Evocations


You had 22 spell levels left.
You knew the following spells:

 Your Spells              Type           Power      Damage    Failure   Level
a - Magic Dart            Conj           100%       1d8       1%          1
b - Blink                 Tloc           56%        N/A       1%          2
c - Call Imp              Summ           28%        N/A       1%          2
d - Conjure Flame         Conj/Fire      29%        6-21      2%          3
e - Static Discharge      Conj/Air       30%        N/A       1%          2
f - Poisonous Vapours     Pois/Air       36%        N/A       4%          2
g - Flame Wave            Conj/Fire      29%        2d8       9%          4

Your spell library contained the following spells:

 Spells                   Type           Power      Damage    Failure   Level
 Sting                    Tmut/Pois      68%        1d6       3%          1
 Gell's Gravitas          Tloc           28%        N/A       3%          3
 Mephitic Cloud           Conj/Pois/Air  26%        N/A       3%          3
 Teleport Other           Tloc           28%        N/A       3%          3
 Slow                     Hex            56%        N/A       4%          1
 Scorch                   Fire           32%        2d6       5%          2
 Ensorcelled Hibernation  Hex/Ice        28%        N/A       7%          2
 Passwall                 Tmut/Erth      11%        N/A       7%          2
 Swiftness                Air            17%        N/A       10%         3
 Olgreb's Toxic Radiance  Pois           20%        N/A       24%         4
 Lightning Bolt           Conj/Air       15%        1d29      24%         5
 Summon Cactus Giant      Summ           14%        N/A       83%         6
 Dispersal                Tloc           14%        N/A       86%         6
 Maxwell's Capacitive Co  Air            8%         ∞         100%        8


Dungeon Overview and Level Annotations

Branches:
Dungeon (9/15)             Temple (1/1) D:6            Lair (0/6) D:9
    Orc: D:9-12

Altars:
Ashenzari
Cheibriados
Dithmenos
Elyvilon
Fedhas
Gozag
Hepliaklqana
Kikubaaqudgha
Makhleb
Nemelex Xobeh
Okawaru
Qazlal
Ru
Sif Muna
Trog
Uskayaw
Vehumet
Wu Jian
Xom
Yredelemnul
Zin
The Shining One

Annotations:
D:9 1 transporter, Gastronok


Innate Abilities, Weirdness & Mutations

You are very small and have problems with some larger weapons.
You are too small for most types of armour.
You have supernaturally acute eyesight. (SInv)
You cover ground extremely quickly. (Speed+++)


Message History

Sif Muna accepts your kill.
You feel sick.
The magic dart hits the kobold brigand.
The kobold brigand is moderately wounded.
You feel sick.
The kobold brigand throws a curare-tipped dart.
The curare-tipped dart hits you.
You are more poisoned.
You have difficulty breathing.
You feel as though you will be slow longer.
You feel very sick.
The magic dart hits the kobold brigand.
The kobold brigand is moderately wounded.
You feel very sick.
The kobold brigand throws a curare-tipped dart.
The curare-tipped dart completely misses you.
The magic dart hits the kobold brigand.
The kobold brigand is heavily wounded.
You feel sick.
The kobold brigand throws a curare-tipped dart.
The curare-tipped dart hits you.
You are more poisoned.
You have difficulty breathing.
You feel as though you will be slow longer.
You feel very sick.
You feel sick.
You feel sick.
You feel sick.
You feel sick.
You feel sick.
You feel sick.
You feel sick.
You feel sick.
You feel sick.
You are no longer poisoned.
The kobold brigand throws a curare-tipped dart.
The curare-tipped dart hits you.
You are lethally poisoned!
You have difficulty breathing.
You die...

#.###.##.........# ##.##
#..#..######.##### #.# ##...##
#.# #.# ###.# ##.## ##'## #K#
##.#.## ##...## ### #.# #.###.#
##.....## ##.###.# ##.#..##
##.......##
##...##.#######....####.........#
..........K.....@[....'))...)...)
........########...####.).......#
.##.###.## #....## ##.......##
.#####...# #.#### ##.....###
.##....#.# #.# ##...## #
.##.##...# #.# ##'## # ....5...##
#.# #.# ###.##### #.# #.# .##.#
#.# ##.##


You could see a kobold brigand.

Vanquished Creatures
  A two-headed ogre (D:7)
  Amaemon (D:7)
  An orange demon (D:7)
  Psyche (D:8)
  A troll (D:9)
  A hornet (D:8)
  A slime creature (D:7)
  A shadow (D:7)
  4 yaks
  4 hogs
  A human (D:7)
  A steam dragon (D:8)
  Edmund (D:5)
  2 wargs (D:9)
  2 water moccasins (D:6)
  3 ice beasts
  4 orc warriors
  A sky beast (D:8)
  4 black bears
  3 centaurs
  A phantom (D:6)
  6 kobold brigands
  7 bullfrogs (D:8)
  4 scorpions
  3 necrophages
  A gnoll sergeant (D:8)
  17 wights
  3 killer bees
  5 howler monkeys
  2 gnoll shamans (D:8)
  A jelly (D:8)
  6 orc priests
  3 hounds (D:6)
  Jessica (D:2)
  9 orc wizards
  Terence (D:2)
  9 iguanas
  5 adders
  4 gnolls
  3 shadow imps
  A white imp (D:7)
  3 worms
  2 dart slugs
  31 orcs
  6 ball pythons
  5 endoplasms
  A giant cockroach (D:3)
  13 goblins
  10 hobgoblins
  3 jackals (D:4)
  2 quokkas
  4 bats
  15 frilled lizards
  26 kobolds
  6 rats
257 creatures vanquished.

Vanquished Creatures (collateral kills)
  The ghost of bladeefan the Fighter, a novice HOMo of Beogh (D:8)
  A kobold demonologist (D:7)
  A slime creature (D:7)
  A white imp (D:6)
  A worm (D:3)
  A goblin (D:3)
  A kobold (D:3)
7 creatures vanquished.

Vanquished Creatures (others)
  8 plants
8 creatures vanquished.

Grand Total: 272 creatures vanquished

Notes
Turn   | Place    | Note
-------+----------+-------------------------------------------
     0 | D:1      | dabmancer the Spriggan Hedge Wizard began the quest for the
                  | Orb.
     0 | D:1      | Reached XP level 1. HP: 9/9 MP: 6/6
   307 | D:1      | Reached XP level 2. HP: 13/13 MP: 0/8
  1071 | D:1      | Learned a level 2 spell: Blink
  1074 | D:1      | Learned a level 2 spell: Call Imp
  1353 | D:2      | Reached skill level 5 in Spellcasting
  1353 | D:2      | Reached XP level 3. HP: 15/16 MP: 1/10
  1476 | D:2      | Noticed Jessica
  1884 | D:2      | Killed Jessica
  1885 | D:2      | Reached skill level 1 in Conjurations
  2029 | D:2      | Identified the +1 robe of Dovowoc {rF+++ MP-9 Dex+7}
  2050 | D:2      | Noticed Terence
  2618 | D:1      | Reached XP level 4. HP: 21/21 MP: 2/12
  3545 | D:2      | Killed Terence
  3546 | D:2      | Reached skill level 1 in Throwing
  3662 | D:2      | Found a faded altar of an unknown god.
  4130 | D:3      | Reached XP level 5. HP: 24/24 MP: 12/14
  4830 | D:3      | Reached skill level 1 in Summonings
  5196 | D:3      | Reached skill level 6 in Spellcasting
  5630 | D:3      | Reached XP level 6. HP: 28/28 MP: 9/16
  7030 | D:4      | Reached skill level 7 in Spellcasting
  7494 | D:5      | Entered Level 5 of the Dungeon
  7502 | D:5      | Noticed an ice beast
  7523 | D:5      | Reached XP level 7. HP: 19/32 MP: 17/19
  8176 | D:5      | Noticed Edmund
  8305 | D:5      | Killed Edmund
  8306 | D:5      | Reached skill level 8 in Spellcasting
  9141 | D:6      | Reached XP level 8. HP: 34/36 MP: 18/21
  9147 | D:6      | Identified the +1 plate armour of the Shoals {rN+ Will+
                  | Stlth-}
  9294 | D:6      | Reached skill level 9 in Spellcasting
 10055 | D:6      | Found a snail-covered altar of Cheibriados.
 11139 | D:6      | Found a staircase to the Ecumenical Temple.
 11148 | Temple   | Entered the Ecumenical Temple
 11464 | Temple   | Became a worshipper of Sif Muna the Loreminder
 11547 | D:7      | Noticed a kobold demonologist
 11594 | D:7      | Learned a level 3 spell: Conjure Flame
 11597 | D:7      | Learned a level 2 spell: Static Discharge
 11623 | D:7      | Killed a kobold demonologist
 11624 | D:7      | Reached skill level 10 in Spellcasting
 11800 | D:7      | Reached skill level 5 in Conjurations
 11800 | D:7      | Reached XP level 9. HP: 24/39 MP: 18/24
 13708 | D:7      | Reached skill level 11 in Spellcasting
 13961 | D:7      | Noticed a two-headed ogre
 14010 | D:7      | Killed a two-headed ogre
 14011 | D:7      | Reached skill level 1 in Shields
 14431 | D:8      | Noticed bladeefan's ghost (novice HOMo)
 14432 | D:8      | Found a runed translucent gate.
 14432 | D:8      | Found a runed translucent gate.
 14432 | D:8      | Found a runed translucent gate.
 14948 | D:8      | Reached skill level 12 in Spellcasting
 15394 | D:8      | Reached XP level 10. HP: 44/44 MP: 21/27
 15469 | D:8      | Reached * piety under Sif Muna
 15767 | D:8      | Reached skill level 5 in Throwing
 15767 | D:8      | Reached skill level 5 in Stealth
 16313 | D:8      | Noticed Amaemon
 16313 | D:8      | Noticed an orange demon
 16313 | D:8      | Noticed Psyche
 17511 | D:8      | Killed Psyche
 18076 | D:7      | Killed Amaemon
 18077 | D:7      | Reached skill level 13 in Spellcasting
 18275 | D:7      | Killed an orange demon
 19044 | D:8      | Reached skill level 5 in Dodging
 19972 | D:8      | Reached ** piety under Sif Muna
 20060 | D:8      | Reached XP level 11. HP: 47/47 MP: 24/29
 21568 | D:8      | Killed bladeefan's ghost
 21891 | D:8      | Learned a level 2 spell: Poisonous Vapours
 21975 | D:9      | Reached skill level 1 in Evocations
 22131 | D:9      | Noticed Gastronok
 22440 | D:9      | Reached skill level 14 in Spellcasting
 22769 | D:9      | Reached skill level 1 in Poison Magic
 23156 | D:9      | Found a staircase to the Lair.
 24279 | D:9      | Learned a level 4 spell: Flame Wave
 24343 | D:9      | Found a transporter.
 24490 | D:9      | Asphyxiated

Illustrated notes

Levels and vault maps discovered:
D:1:      amcnicky_arrival_gap_in_the_tavern_cellar, layout_basic,
          chequers_hall_statues_corner_a, moated_statue, columned_hall_lemuel
D:2:      layout_basic, shapermc_ecumenical_altar_acropolis,
          minmay_indecisive_spiral, uniq_jessica, uniq_terence
D:3:      kennysheep_the_goblin_king, layout_basic, cheibrodos_sewer_entry_bend
D:4:      layout_basic, minmay_lizard_king
D:5:      layout_loops_ring, minmay_stone_trees_medium, uniq_edmund
D:6:      layout_basic, cheibrodos_worm_habitat, minmay_temple_entry_poolview
D:7:      minmay_general_purpose_star, layout_gridville
D:8:      minmay_quarter_circles, layout_basic, gammafunk_ghost_split,
          grunt_livestock, uniq_amaemon, uniq_psyche
D:9:      gammafunk_cloud_chamber, layout_loops_corners,
          erik_lair_orcish_takeover, uniq_gastronok, uniq_harold
Temple:   regret_index_temple_sigil_plot

Skill      XL: |  1  2  3  4  5  6  7  8  9 10 11 |
---------------+----------------------------------+-----
Dodging        | 3 4 5 |  5.1
Spellcasting   | 5 6 7 8 10 12 13 14 | 14.2
Conjurations   | 1 2 3 5 6 7 |  7.2
Throwing       | 1 2 3 4 5 6 |  6.6
Summonings     | 1 2 3 |  3.6
Stealth        | 4 5 |  5.0
Shields        | 1 |  1.5
Translocations | 3 |  3.4
Evocations     | 1 |  1.0
Poison Magic   | 1 |  1.4
Fire Magic     | |  0.6
Air Magic      | |  0.7

Action                   |  1- 3 |  4- 6 |  7- 9 | 10-12 || total
-------------------------+-------+-------+-------+-------++-------
Melee: Dagger            |     9 |    34 |    70 |    69 ||   182
       Punch             |       |       |     1 |     3 ||     4
Throw: Stone             |    10 |    54 |     6 |     4 ||    74
       Dart              |       |       |    70 |    34 ||   104
       Boomerang         |       |       |       |   120 ||   120
 Cast: Magic Dart        |   118 |   273 |   374 |   690 ||  1455
       Call Imp          |     1 |     9 |    16 |    48 ||    74
       Blink             |       |     2 |       |    11 ||    13
       Conjure Flame     |       |       |       |    19 ||    19
       Poisonous Vapours |       |       |       |     8 ||     8
Evoke: Wand              |       |       |       |     9 ||     9
  Use: Scroll            |       |       |     6 |     3 ||     9
Armor: Robe              |     2 |     4 |     4 |     8 ||    18
Dodge: Dodged            |     9 |    41 |   121 |    97 ||   268
Block: Other             |       |       |     8 |    17 ||    25
       Reflection        |       |       |     5 |     3 ||     8

Table legend: (Time is in decaauts)
 A = Elapsed time spent in this place.
 B = Non-inter-level travel time spent in this place.
 C = Inter-level travel time spent in this place.
 D = Time resting spent in this place.
 E = Time spent auto-exploring this place.
 F = Levels seen in this place.
 G = Mean time per level.
                   A        B        C        D        E       F      G
               +--------+--------+--------+--------+--------+-----+--------+
         Total |  19874 |  19192 |    682 |   5756 |   8000 |  10 | 1987.4 |
       Dungeon |  19678 |  19012 |    666 |   5756 |   7839 |   9 | 2186.4 |
        Temple |    195 |    180 |     15 |      0 |    160 |   1 |  195.0 |
               +--------+--------+--------+--------+--------+-----+--------+

Top non-repeatable levels by time:
     D:8: 4178 daAuts
     D:7: 3547 daAuts
     D:6: 2447 daAuts
     D:1: 2136 daAuts
     D:9: 1801 daAuts
     D:3: 1589 daAuts
     D:2: 1518 daAuts
     D:5: 1343 daAuts
     D:4: 1116 daAuts
  Temple: 195 daAuts
